[Event "Early-Titled-Tuesday-Blitz-May-14-2024"]
[Site "Chess.com"]
[Date "2024.05.14"]
[Round "4"]
[White "Hasangatin_Ramil"]
[Black "motivated_bishop"]
[Result "1-0"]
[WhiteElo "2686"]
[BlackElo "2498"]
[TimeControl "180+1"]
[EndTime "8:40:13 PDT"]
[Termination "Hasangatin_Ramil won by resignation"]

1. e4 e5 2. Nf3 Nc6 3. Bb5 a6 4. Ba4 Nf6 5. Bxc6 dxc6 6. d3 Bd6 7. Nc3 Nd7 8. h3 O-O 9. Be3 f6 10. Nh2 Nc5 11. Nf1 Ne6 12. Ne2 c5 13. Nd2 b5 14.
O-O Bb7 15. f4 f5 16. exf5 Rxf5 17. Ng3 exf4 18. Nxf5 fxe3 19. Nxe3 Qg5 20. Ng4 h5 21. Nf3 Qf4 22. Qe1 Nd4 23. Nfe5 Qg5 24. Nf7 Qd5 25. Ne3 Qe6 26. Nxd6 cxd6 27. c3 Nc6 28. Qd2 Re8 29. Rae1 Ne5 30. d4 cxd4 31. cxd4 Nc4 32. Nxc4 1-0

[Event "Early-Titled-Tuesday-Blitz-May-14-2024"]
[Site "Chess.com"]
[Date "2024.05.14"]
[Round "4"]
[White "ravengelic"]
[Black "Jospem"]
[Result "0-1"]
[WhiteElo "2680"]
[BlackElo "2991"]
[TimeControl "180+1"]
[EndTime "8:40:14 PDT"]
[Termination "Jospem won by resignation"]

1. d4 Nf6 2. Bf4 b6 3. Nf3 Bb7 4. e3 d6 5. h3 Nbd7 6. Be2 e6 7. O-O h6 8. Bh2 g5 9. Nfd2 Rg8 10. Bf3 Qc8 11.
Bxb7 Qxb7 12. Qf3 Qxf3 13. gxf3 h5 14. Nc3 a6 15. a4 Be7 16. Rfd1 O-O-O 17. Nce4 Nxe4 18.
fxe4 g4 19. hxg4 Rxg4+ 20. Kh1 f5 21. Rg1 Nf6 22. exf5 exf5 23. f3 Rgg8 24. Rxg8 Rxg8 25. Rg1 Rxg1+ 26. Kxg1 Nd5 27. Kf2 Nb4 28. a5 b5 29.
c4 Nd3+ 30. Ke2 Nxb2 31. cxb5 axb5 32. e4 fxe4 33. fxe4 Kb7 34. Nb3 Ka6 35. e5 Nc4 36. e6 Nxa5 37. Nd2 b4 38. Kd3 Kb5 39. Ne4 h4 40. Bf4 Nc6 41. Nd2 Nd8 42. d5 c6 43.
Ke4 h3 44. Bh2 Nb7 45. dxc6 Kxc6 46. Kf5 Nc5 47. Nc4 b3 48. Bg1 d5 49. Nb2 d4 50.
Ke5 d3 51. Kf4 d2 52. Ke3 Bg5+ 53. Ke2 Nxe6 54. Nc4 Kb5 55. Nxd2 Bxd2 56. Kxd2 Kc4 57. Bh2 Nd4 0-1

[Event "Early-Titled-Tuesday-Blitz-May-14-2024"]
[Site "Chess.com"]
[Date "2024.05.14"]
[Round "4"]
[White "Franmu14"]
[Black "chessburger_tv"]
[Result "1-0"]
[WhiteElo "2667"]
[BlackElo "2394"]
[TimeControl "180+1"]
[EndTime "8:40:16 PDT"]
[Termination "Franmu14 won by resignation"]

1. e4 c5 2. Nc3 Nc6 3. Bb5 Nd4 4. Bd3 g6 5. Nf3 Bg7 6. b3 Nf6 7. Bb2 O-O 8. Nxd4 cxd4 9. Ne2 e5 10. c4 dxc3 11.
dxc3 d5 12. exd5 Qxd5 13. O-O Rd8 14. Bc4 Qxd1 15. Raxd1 Bg4 16. f3 Bf5 17. Ng3 Bd7 18. Rfe1 Bc6 19. b4 Bd5 20. Bxd5 Nxd5 21. a3 Nb6 22.
Ne4 Nc4 23. Bc1 h6 24. Kf2 b6 25. g4 f5 26. gxf5 gxf5 27. Ng3 Nd6 28. Nh5 Nc4 29.
Rxd8+ Rxd8 30. Rg1 Nb2 31. Rxg7+ Kf8 32. Bxh6 Nd3+ 33.
Kg3 f4+ 34. Kg4 Rd6 35. Rg6+ Ke7 36. Bf8+ Kxf8 37. Rxd6 Kf7 38. Rxd3 1-0

[Event "Early-Titled-Tuesday-Blitz-May-14-2024"]
[Site "Chess.com"]
[Date "2024.05.14"]
[Round "4"]
[White "Alphafischer2019"]
[Black "Massakru"]
[Result "1-0"]
[WhiteElo "2662"]
[BlackElo "2403"]
[TimeControl "180+1"]
[EndTime "8:40:16 PDT"]
[Termination "Alphafischer2019 won by checkmate"]

1. e4 e5 2. Nf3 Nc6 3. Nc3 Nf6 4. d4 exd4 5. Nxd4 Bb4 6. Nxc6 bxc6 7. Bd3 d5 8. exd5 O-O 9. O-O cxd5 10. h3 c6 11. Qf3 Be7 12. Bf4 Re8 13. Rfe1 Be6 14. Ne2 c5 15. Ng3 c4 16. Bf5 Bxf5 17. Nxf5 Bf8 18. Bg5 Rxe1+ 19. Rxe1 Qa5 20. c3 Ne4 21. Be7 Qxa2 22.
Bxf8 Rxf8 23. Ne7+ Kh8 24. Nxd5 Ng5 25. Qf5 h6 26. h4 Nh7 27. Re2 Qa1+ 28. Kh2 Qa5 29. Qf3 Qc5 30. g3 a5 31. Re7 Kg8 32. Rb7 g5 33.
Ne7+ Kg7 34. Nf5+ Kh8 35. Nxh6 gxh4 36. Nxf7+ Kg8 37. Nh6+ Kh8 38. Nf7+ Kg8 39. Qg4+ Ng5 40. Qxg5+ Qxg5 41. Nxg5 Rxf2+ 42. Kh3 hxg3 43. Kxg3 Rc2 44.
Ne4 a4 45. Kf4 a3 46. bxa3 Ra2 47. Kf5 Rxa3 48. Kg6 Kf8 49. Nf6 Ra8 50. Rf7# 1-0

[Event "Early-Titled-Tuesday-Blitz-May-14-2024"]
[Site "Chess.com"]
[Date "2024.05.14"]
[Round "4"]
[White "AlexandraSamaganova"]
[Black "Felix-Rose"]
[Result "0-1"]
[WhiteElo "2388"]
[BlackElo "2246"]
[TimeControl "180+1"]
[EndTime "8:40:18 PDT"]
[Termination "Felix-Rose won by resignation"]

1. c4 e6 2. Nc3 d5 3. e3 Nf6 4. Nf3 Bd6 5. d4 c6 6. Bd3 O-O 7. O-O Nbd7 8. e4 dxe4 9. Nxe4 Nxe4 10. Bxe4 e5 11. d5 cxd5 12. cxd5 Nf6 13. Bg5 h6 14.
Bxf6 Qxf6 15. h3 Bd7 16. Rc1 Rac8 17. Qb3 b6 18. Bb1 g6 19. Qe3 Kg7 20. b3 Rfe8 21.
Rxc8 Rxc8 22. Rc1 Rxc1+ 23. Qxc1 Bxh3 24. Qc6 Bg4 25. Nd2 Bf5 26. Bxf5 gxf5 27. Nc4 Bc5 28. d6 e4 29. Qd5 Qa1+ 30. Kh2 Bxf2 31. Qe5+ Qxe5+ 32. Nxe5 Kf6 33. g3 Bc5 34. d7 Ke7 35. Nxf7 Kxd7 36. Nxh6 Ke6 37. Kg2 Bf8 38. Ng8 Kf7 0-1

[Event "Early-Titled-Tuesday-Blitz-May-14-2024"]
[Site "Chess.com"]
[Date "2024.05.14"]
[Round "4"]
[White "Gangster-accountant01"]
[Black "Chessdude1987"]
[Result "0-1"]
[WhiteElo "2553"]
[BlackElo "2391"]
[TimeControl "180+1"]
[EndTime "8:40:20 PDT"]
[Termination "Chessdude1987 won by resignation"]

1. d4 e6 2. e4 d5 3. Nc3 Nf6 4. Bg5 h6 5. Bxf6 Qxf6 6. exd5 Bb4 7. Bb5+ Bd7 8. Bxd7+ Nxd7 9. dxe6 Bxc3+ 10. bxc3 Qxe6+ 11. Qe2 Qxe2+ 12. Nxe2 Nb6 13. O-O O-O-O 14. a4 a5 15.
Rfb1 Nc4 16. Rb5 b6 17. Nf4 Rhe8 18. Kf1 Re4 19. Nd3 Rde8 20. g3 h5 21. Rd1 h4 22.
h3 hxg3 23. f3 Ne3+ 24. Kg1 Nxd1 25. fxe4 Nxc3 26. Rf5 f6 27. e5 Ne2+ 28. Kg2 Nxd4 29. Rh5 Nxc2 30. Kxg3 Nb4 31. exf6 g6 32. Nxb4 gxh5 33.
Nd5 Kb7 34. Kh4 c6 35. Ne7 Rf8 36. Kg5 b5 37. axb5 cxb5 38. Ng6 Rb8 39. f7 a4 40. Nf4 a3 41. Kf6 a2 42. Ke7 a1=Q 43. Ne6 Qe5 0-1

[Event "Early-Titled-Tuesday-Blitz-May-14-2024"]
[Site "Chess.com"]
[Date "2024.05.14"]
[Round "4"]
[White "VirtualCoach"]
[Black "LangesNasenhaar"]
[Result "0-1"]
[WhiteElo "2189"]
[BlackElo "2460"]
[TimeControl "180+1"]
[EndTime "8:40:20 PDT"]
[Termination "LangesNasenhaar won by resignation"]

1. e4 g6 2. d4 Bg7 3. Nc3 c6 4. Be3 d5 5. Nf3 dxe4 6. Nxe4 Nd7 7. Bd3 Ngf6 8. Ned2 Nd5 9. O-O Nxe3 10. fxe3 O-O 11. e4 e5 12. c3 exd4 13. cxd4 Qb6 14. Nb3 a5 15. a4 Nf6 16. Nc5 Qb4 17. Kh1 Bg4 18.
Qb3 b6 19. Qxb4 axb4 20. Nb3 Rfd8 21. Rfc1 c5 22. Ne5 Be6 23. d5 Nxd5 24. exd5 Rxd5 25. Be4 Bxe5 26. Re1 Bxb2 27. Rab1 Bc3 28. Rf1 Rxa4 29.
Rf3 Re5 0-1

[Event "Early-Titled-Tuesday-Blitz-May-14-2024"]
[Site "Chess.com"]
[Date "2024.05.14"]
[Round "4"]
[White "Renatoforf"]
[Black "kekic76"]
[Result "1-0"]
[WhiteElo "1947"]
[BlackElo "2309"]
[TimeControl "180+1"]
[EndTime "8:40:22 PDT"]
[Termination "Renatoforf won by resignation"]

1. e4 c6 2. Nf3 d5 3. exd5 cxd5 4. Ne5 Nc6 5. d4 Bf5 6. Bb5 Rc8 7. O-O e6 8. c4 dxc4 9. Nc3 Nf6 10. Re1 Be7 11.
Nxc6 bxc6 12. Bxc4 O-O 13. Bg5 Nd5 14. Bxe7 Nxe7 15.
Qd2 Nd5 16. Bxd5 cxd5 17. h3 Rc4 18. b3 Rc6 19. Rac1 Qa5 20. Qb2 Rfc8 21. Ne2 h6 22. Rxc6 Rxc6 23. Rc1 Rxc1+ 24. Nxc1 Qe1+ 25. Kh2 a5 26. a3 Be4 27. b4 axb4 28. axb4 Qf1 29. f3 Bf5 30. b5 Qc4 31. b6 Qc8 32. b7 Qb8+ 33.
Kh1 Kf8 34. Qb4+ Ke8 35. Qb6 Kd7 36. Nb3 e5 37. Nc5+ Ke8 38. dxe5 Qxe5 39. b8=Q+ 1-0

[Event "Early-Titled-Tuesday-Blitz-May-14-2024"]
[Site "Chess.com"]
[Date "2024.05.14"]
[Round "4"]
[White "suyu28"]
[Black "english_player_89"]
[Result "1-0"]
[WhiteElo "2846"]
[BlackElo "2611"]
[TimeControl "180+1"]
[EndTime "8:40:23 PDT"]
[Termination "suyu28 won by checkmate"]

1. e4 e5 2. Nf3 Nc6 3. Bc4 Bc5 4.
O-O Nf6 5. d3 d6 6. Bg5 h6 7.
Bh4 a5 8. c3 Ba7 9. Nbd2 Be6 10. Bb5 Bd7 11. Re1 g5 12. Bg3 Ne7 13. Bxd7+ Qxd7 14. d4 Ng6 15. dxe5 dxe5 16. Nc4 Qe6 17. Ncxe5 Nxe5 18. Nxe5 h5 19. h3 h4 20. Bh2 Rg8 21. Ng4 Rd8 22. Qa4+ c6 23. Qxa5 Ra8 24. Qf5 Nxg4 25. hxg4 h3 26. Qxe6+ fxe6 27. gxh3 Rf8 28. Bg3 Rd8 29. Rad1 Ke7 30. Kg2 Bb6 31. h4 Rxd1 32. Rxd1 Kf6 33. hxg5+ Kxg5 34. f4+ Kf6 35. Rd7 Ra8 36.
Rxb7 Be3 37. Kf3 Bc1 38. g5+ Kg6 39. Kg4 Bxf4 40. Bxf4 Rxa2 41. Be5 c5 42. Rg7# 1-0

[Event "Early-Titled-Tuesday-Blitz-May-14-2024"]
[Site "Chess.com"]
[Date "2024.05.14"]
[Round "4"]
[White "esrosenberg"]
[Black "laboratorio25"]
[Result "0-1"]
[WhiteElo "2334"]
[BlackElo "2536"]
[TimeControl "180+1"]
[EndTime "8:40:24 PDT"]
[Termination "laboratorio25 won by resignation"]

1. e4 c5 2. Nc3 d6 3. f4 Nc6 4. Nf3 g6 5. Bb5 Bg7 6. d3 Bd7 7. O-O e6 8. Bxc6 Bxc6 9. a4 Ne7 10. Be3 b6 11. Qd2 d5 12. exd5 Nxd5 13. Nxd5 Qxd5 14. c3 O-O 15. a5 Rad8 16. axb6 axb6 17. d4 Qb3 18.
Ra7 Bxf3 19. Rxf3 c4 20. f5 exf5 21. Bg5 Rde8 22. Be7 Ra8 23. Rxa8 Rxa8 24. h4 Qb5 25. h5 Ra1+ 26. Kh2 Qd7 27. Qe2 Ra8 28. h6 Bxh6 29.
Rh3 Bg7 30. Bb4 Re8 31. Qxc4 h5 32. Qd3 f4 33. d5 b5 34. b3 Qg4 35. Bc5 Re2 36.
Qf3 Rd2 37. Qxg4 hxg4 38. Rh4 Rxd5 39. c4 Rxc5 0-1

[Event "Early-Titled-Tuesday-Blitz-May-14-2024"]
[Site "Chess.com"]
[Date "2024.05.14"]
[Round "4"]
[White "cukus"]
[Black "Kazmin_Semyon"]
[Result "0-1"]
[WhiteElo "2375"]
[BlackElo "2590"]
[TimeControl "180+1"]
[EndTime "8:40:25 PDT"]
[Termination "Kazmin_Semyon won by resignation"]

1. e4 e6 2. d4 d5 3. exd5 exd5 4. Nf3 Nc6 5. c3 Bg4 6. h3 Bh5 7. Bb5 Bd6 8. Qe2+ Ne7 9. O-O a6 10. Bd3 Qd7 11. b4 O-O-O 12. a4 Nb8 13. b5 a5 14. c4 Ng6 15. c5 Nh4 16. Nxh4 Bxe2 17. Bf5 Bxf1 18.
cxd6 Bc4 19. dxc7 Kxc7 20. Bxd7 Nxd7 21. Nf5 g6 22. Bf4+ Kb6 23. Nd6 Rhf8 24. Nc3 Nf6 25.
Nxc4+ dxc4 26. Bg5 Nd5 27. Bxd8+ Rxd8 28. Ne4 Nf4 29.
Ng5 c3 30. Kf1 Rxd4 31. Nf3 Rc4 32. g3 c2 33. Rc1 Nd3 34. Nd2 Rc8 35. Nb3 Nxc1 36.
Nxc1 Rd8 37. Ke2 Rd1 0-1

[Event "Early-Titled-Tuesday-Blitz-May-14-2024"]
[Site "Chess.com"]
[Date "2024.05.14"]
[Round "4"]
[White "KanalSzachowy"]
[Black "Kors67"]
[Result "0-1"]
[WhiteElo "2403"]
[BlackElo "2256"]
[TimeControl "180+1"]
[EndTime "8:40:25 PDT"]
[Termination "Kors67 won on time"]

1. e4 d6 2. d4 Nf6 3. Nc3 g6 4. f4 Bg7 5. Nf3 c5 6. dxc5 Qa5 7. Bd3 Qxc5 8. Qe2 Bg4 9. Be3 Qa5 10. O-O Nc6 11. h3 Bxf3 12. Qxf3 O-O 13. Rad1 Nd7 14. Bd2 Nc5 15. Bc4 Nd4 16. Qg3 Qb4 17. Bb3 Qxc3 18. Qh4 Ne2+ 19. Kh2 Qf6 20. Qf2 Nxf4 21. Bxf4 Qxb2 22.
Be3 Nxe4 23. Qf3 Nf6 24. Qxb7 a5 25. Bd4 Qa3 26. Qxe7 a4 27. Bc3 axb3 28. Bxf6 bxc2 29.
Rxd6 Bxf6 30. Rdxf6 Qxe7 0-1

[Event "Early-Titled-Tuesday-Blitz-May-14-2024"]
[Site "Chess.com"]
[Date "2024.05.14"]
[Round "4"]
[White "NinoMaisuradze"]
[Black "MathiasWomacka"]
[Result "1-0"]
[WhiteElo "2357"]
[BlackElo "2525"]
[TimeControl "180+1"]
[EndTime "8:40:26 PDT"]
[Termination "NinoMaisuradze won by resignation"]

1. d4 Nf6 2. Nf3 e6 3. e3 c5 4. Bd3 d5 5. b3 Nc6 6. a3 cxd4 7. exd4 Be7 8. O-O O-O 9. Re1 b6 10. Bg5 Bb7 11. Nbd2 h6 12. Bh4 Nh5 13. Bg3 Nxg3 14. hxg3 Bf6 15. c3 Rc8 16. a4 Qd6 17. b4 a5 18. b5 Ne7 19. Rc1 Rc7 20. c4 Rfc8 21.
Ne5 g6 22. Qf3 Kg7 23. Qe3 Nf5 24. Bxf5 exf5 25. c5 bxc5 26. dxc5 Rxc5 27. Rxc5 Qxc5 28. Qxc5 Rxc5 29. Nd7 Rc2 30. Nxf6 Kxf6 31. Nb3 Rc4 32. Ra1 d4 33. Nxa5 Rc7 34. Nxb7 Rxb7 35. Rb1 Ke5 36.
a5 Kd5 37. a6 Rb8 38. b6 Kc6 39. b7 Kc7 40. a7 Rxb7 41. Rc1+ 1-0

[Event "Early-Titled-Tuesday-Blitz-May-14-2024"]
[Site "Chess.com"]
[Date "2024.05.14"]
[Round "4"]
[White "ClauAmura"]
[Black "Cherepov_Alexej"]
[Result "0-1"]
[WhiteElo "2198"]
[BlackElo "2420"]
[TimeControl "180+1"]
[EndTime "8:40:26 PDT"]
[Termination "Cherepov_Alexej won by resignation"]

1. d4 d5 2. Bg5 f6 3. Bh4 Nh6 4.
f3 Nf5 5. Bf2 c5 6. dxc5 e5 7.
e4 dxe4 8. Qxd8+ Kxd8 9. fxe4 Nd4 10. Bd3 Bxc5 11. Nc3 Nbc6 12. Nge2 Be6 13. Na4 Bd6 14. c3 Nxe2 15. Bxe2 b6 16. b4 Ke7 17. O-O Rac8 18. Rfd1 Nd8 19. Ba6 Rc7 20. Rd3 Bc4 21. Bxc4 Rxc4 22.
Re1 Ne6 23. Nb2 Rc6 24. a3 Rhc8 25. c4 Nf4 26. Rd2 Ke6 27. Red1 Be7 28. Rd7 R6c7 29. Rxc7 Rxc7 30. Kf1 h5 31. g3 Ng6 32. Ke2 Nh8 33. Rd5 Nf7 34. Kd3 Ng5 35. c5 bxc5 36. bxc5 Nxe4 0-1

[Event "Early-Titled-Tuesday-Blitz-May-14-2024"]
[Site "Chess.com"]
[Date "2024.05.14"]
[Round "4"]
[White "kinga2008"]
[Black "stepanosinovsky"]
[Result "1-0"]
[WhiteElo "2522"]
[BlackElo "2308"]
[TimeControl "180+1"]
[EndTime "8:40:27 PDT"]
[Termination "kinga2008 won on time"]

1. e4 e5 2. Nf3 Nc6 3. d4 exd4 4.
Bc4 Nf6 5. O-O Bc5 6. e5 d5 7. exf6 dxc4 8. Re1+ Be6 9. Ng5 Qd5 10. Nc3 Qf5 11. fxg7 Rg8 12. g4 Qg6 13. Nce4 Be7 14. Nxe6 fxe6 15. Qe2 Rxg7 16. Qxc4 Ne5 17. Qb5+ c6 18.
Qxe5 Qxg4+ 19. Ng3 Rg6 20. Qh8+ Bf8 21. Qxh7 O-O-O 22. h3 Rg7 23. hxg4 Rxh7 24. Rxe6 Bc5 25. Bg5 Rg8 26.
Bf6 Rxg4 27. Rae1 d3 28. Re8+ Kd7 29. Rd8+ Kc7 30. Rxd3 Rf7 31. Bd8+ Kc8 32. Re8 Rxg3+ 33. Rxg3 Bxf2+ 34. Kg2 Bxg3 35. Kxg3 Kd7 36. Rg8 Rf1 37.
Bg5 Rg1+ 38. Kf2 Rg4 39. Rg7+ Ke6 40. Bh6 Rh4 41. Bd2 Rh2+ 42. Rg2 Rh1 43. Ke2 Kd5 44. b3 b5 45. Rg5+ Ke4 46. Rg4+ Kd5 47. Kd3 Ra1 48.
Rg5+ Ke6 49. Re5+ 1-0

[Event "Early-Titled-Tuesday-Blitz-May-14-2024"]
[Site "Chess.com"]
[Date "2024.05.14"]
[Round "4"]
[White "ViIIagra"]
[Black "AnishOnYoutube"]
[Result "0-1"]
[WhiteElo "2844"]
[BlackElo "3021"]
[TimeControl "180+1"]
[EndTime "8:40:28 PDT"]
[Termination "AnishOnYoutube won by resignation"]

1. e4 c5 2. Nf3 d6 3. Bc4 Nf6 4. d3 e6 5. O-O Be7 6. a3 O-O 7.
Re1 a6 8. Ba2 b5 9. c3 Bb7 10.
Nbd2 Nbd7 11. Nf1 c4 12. Ng3 cxd3 13. Qxd3 Qc7 14. Nd4 Ne5 15. Qe2 Nc4 16. Bg5 Rac8 17. Rad1 h6 18. Bc1 Rfe8 19. Bb1 Bf8 20. Nh5 Nxh5 21.
Qxh5 Qc5 22. Qh3 Ne5 23. Qg3 Kh8 24. f4 Nc4 25. Kh1 e5 26. Nf5 Re6 27. Ba2 Rce8 28. fxe5 Rxe5 29. Bxc4 bxc4 30. Bf4 Rxe4 31. Rxe4 Rxe4 32.
Bxd6 Qxf5 33. Bxf8 Rg4 0-1

[Event "Early-Titled-Tuesday-Blitz-May-14-2024"]
[Site "Chess.com"]
[Date "2024.05.14"]
[Round "4"]
[White "GMthekingindian"]
[Black "Kotofeyca"]
[Result "0-1"]
[WhiteElo "2293"]
[BlackElo "2501"]
[TimeControl "180+1"]
[EndTime "8:40:29 PDT"]
[Termination "Kotofeyca won by checkmate"]

1. d4 d5 2. Nf3 c6 3. g3 Bg4 4. Bg2 Nd7 5. c4 e6 6. h3 Bh5 7.
cxd5 exd5 8. Qb3 Qb6 9. Qe3+ Be7 10. Nh4 O-O-O 11. Nf5 Bb4+ 12. Nc3 Bg6 13. Nh4 Ngf6 14.
Nxg6 hxg6 15. O-O Rde8 16. Qd3 Ne4 17. Bxe4 dxe4 18. Nxe4 Rxh3 19. Ng5 Rh5 20. Nxf7 Nf6 21. Qxg6 Qxd4 22. Bg5 Qd5 23. f3 Rxe2 24. Rac1 Rhh2 25. Bxf6 Reg2# 0-1

[Event "Early-Titled-Tuesday-Blitz-May-14-2024"]
[Site "Chess.com"]
[Date "2024.05.14"]
[Round "4"]
[White "DrVelja"]
[Black "Yaacovn"]
[Result "1-0"]
[WhiteElo "2968"]
[BlackElo "2808"]
[TimeControl "180+1"]
[EndTime "8:40:30 PDT"]
[Termination "DrVelja won by resignation"]

1. e4 c6 2. d4 d5 3. e5 Bf5 4. h4 Qb6 5. g4 Bd7 6. c4 e6 7. Nc3 c5 8. Nf3 cxd4 9. Nxd4 Bc5 10. Be3 Nc6 11. Na4 Qa5+ 12. Bd2 Bb4 13. Nb5 Bxd2+ 14. Qxd2 Qxa4 15. Nc7+ Kd8 16. Nxa8 Qb4 17. cxd5 Qe4+ 18. Qe3 Qxh1 19. dxc6 Qd5 20. cxd7 Qa5+ 21. Qc3 Qxc3+ 22. bxc3 Ne7 23. Rd1 Nd5 24. c4 Nc3 25. Rd3 Nxa2 26. Ra3 Nb4 27. Rxa7 Kxd7 28. Rxb7+ Kc6 29.
Rxb4 Rxa8 30. Bg2+ Kc5 31. Bxa8 Kxb4 32. Ke2 Kxc4 33.
Ke3 1-0

[Event "Early-Titled-Tuesday-Blitz-May-14-2024"]
[Site "Chess.com"]
[Date "2024.05.14"]
[Round "4"]
[White "NiranjanNavalgund"]
[Black "C_K_G"]
[Result "0-1"]
[WhiteElo "2459"]
[BlackElo "2281"]
[TimeControl "180+1"]
[EndTime "8:40:31 PDT"]
[Termination "C_K_G won by checkmate"]

1. e4 c5 2. d4 cxd4 3. c3 dxc3 4. Nxc3 d6 5. Nf3 a6 6. Bc4 e6 7. O-O Ne7 8. Bg5 Qc7 9. Qe2 Nbc6 10. Rac1 Ng6 11.
Nd5 exd5 12. exd5+ Be7 13. dxc6 bxc6 14. Rfe1 h6 15. Bxe7 Nxe7 16. Bd5 O-O 17. Qxe7 Qxe7 18. Rxe7 cxd5 19. Nd4 Bg4 20. f3 Bh5 21. Rcc7 Rfe8 22.
b3 Rxe7 23. Rxe7 Rc8 24. Rd7 Rc1+ 25. Kf2 Rd1 26. Ke3 Bg6 27. Rd8+ Kh7 28. Nc6 Rc1 29. Rxd6 Rc2 30. g4 Rxh2 31. a4 h5 32. gxh5 Bxh5 33.
Rxd5 Rh3 34. Nd4 f6 35. Ra5 g5 36. Rxa6 Kg6 37. Kf2 Rh2+ 38. Ke3 Rh3 39. Ke2 Rh2+ 40. Kd3 Rh3 41. Ke4 Rh4+ 42. Kd5 Rh3 43. Rb6 Bxf3+ 44.
Nxf3 Rxf3 45. a5 g4 46. a6 Rf5+ 47. Kc4 Ra5 48. Kb4 Ra1 49. Kb5 g3 50. Rb8 Kg7 51. Rb7+ Kg6 52. Rb8 Kf7 53. Rb7+ Kg6 54. a7 g2 55. Rb8 Kg7 56. a8=Q Rxa8 57. Rxa8 g1=Q 58. Ra7+ Qxa7 59. b4 Qc7 60. Ka6 f5 61. b5 f4 62.
b6 Qxb6+ 63. Kxb6 f3 64. Kc5 f2 65. Kd4 f1=Q 66. Ke3 Qf6 67. Ke4 Qg5 68. Kd3 Kf6 69. Ke4 Ke6 70. Kd4 Qf4+ 71. Kd3 Kd5 72. Kc3 Qc4+ 73. Kd2 Qb3 74. Ke2 Ke4 75. Kd2 Qd3+ 76. Ke1 Qc2 77. Kf1 Kf3 78. Kg1 Qg2# 0-1

[Event "Early-Titled-Tuesday-Blitz-May-14-2024"]
[Site "Chess.com"]
[Date "2024.05.14"]
[Round "4"]
[White "titledsquirrel2007"]
[Black "ZachHKL"]
[Result "0-1"]
[WhiteElo "2501"]
[BlackElo "2321"]
[TimeControl "180+1"]
[EndTime "8:40:32 PDT"]
[Termination "ZachHKL won by resignation"]

1. d4 Nf6 2. Nf3 d5 3. c4 c6 4. e3 e6 5. Nc3 Nbd7 6. Qc2 Bd6 7.
Be2 O-O 8. O-O dxc4 9. Bxc4 b5 10. Bd3 Bb7 11. a3 a6 12. Ne4 Nxe4 13. Bxe4 f5 14. Bd3 c5 15. Be2 Be4 16. Qd1 c4 17. a4 Nb6 18. b3 Rc8 19. axb5 axb5 20. bxc4 bxc4 21. Nd2 Bb7 22. Ra7 Rc7 23. Ba3 Bxa3 24.
Rxa3 Qd6 25. Rc3 Bd5 26. Qc1 Rfc8 27. Qc2 Qd7 28. Rc1 Na4 29. Ra3 Nb6 30. Ra6 Qb5 31.
Ra3 Qb4 32. Qc3 Qxc3 33. Raxc3 Na4 34. R3c2 c3 35. Nf3 Bb3 36. Ne5 Bxc2 37. Rxc2 Nb6 38. Bd3 Nd5 39. Kf1 Nb4 40. Rc1 c2 41. Ke2 Na2 42. Kd2 Nxc1 43. Kxc1 Rb8 44. Nf3 Rb1+ 0-1

[Event "Early-Titled-Tuesday-Blitz-May-14-2024"]
[Site "Chess.com"]
[Date "2024.05.14"]
[Round "4"]
[White "Orujov2008"]
[Black "santosalberto1987"]
[Result "0-1"]
[WhiteElo "2742"]
[BlackElo "2589"]
[TimeControl "180+1"]
[EndTime "8:40:33 PDT"]
[Termination "santosalberto1987 won on time"]

1. e4 e6 2. d4 d5 3. Nd2 c5 4. exd5 Qxd5 5. Ngf3 cxd4 6. g3 Nf6 7. Bg2 Nc6 8. O-O Be7 9. Nb3 Qd8 10. Nfxd4 Nxd4 11. Qxd4 Qxd4 12. Nxd4 O-O 13. c4 Rd8 14. Nb3 a5 15. Be3 a4 16. Nc5 Nd7 17. Nd3 Ra5 18. Rfd1 b6 19. b4 axb3 20. axb3 Nc5 21. Bxc5 Rxa1 22.
Rxa1 bxc5 23. Ne5 Bf6 0-1

[Event "Early-Titled-Tuesday-Blitz-May-14-2024"]
[Site "Chess.com"]
[Date "2024.05.14"]
[Round "4"]
[White "Aswathchess"]
[Black "dontcatchmeifyoucant"]
[Result "1-0"]
[WhiteElo "2652"]
[BlackElo "2441"]
[TimeControl "180+1"]
[EndTime "8:40:33 PDT"]
[Termination "Aswathchess won by resignation"]

1. Nf3 Nf6 2. c4 e6 3. Nc3 b6 4. d4 Bb4 5. Bg5 Bb7 6. e3 h6 7. Bh4 g5 8. Bg3 Ne4 9. Qc2 d6 10. Bd3 f5 11. O-O Bxc3 12. bxc3 Nd7 13. d5 Ndc5 14.
Nd4 Qf6 15. Bxe4 fxe4 16. f3 O-O-O 17. fxe4 Qg6 18. e5 Qxc2 19. Nxc2 exd5 20. exd6 cxd6 21. cxd5 Bxd5 22. Nd4 Ne4 23. c4 Bxc4 24. Rac1 d5 25. Nb5 a6 26. Na7+ Kb7 27. Rf7+ Ka8 28. Nc6 1-0

[Event "Early-Titled-Tuesday-Blitz-May-14-2024"]
[Site "Chess.com"]
[Date "2024.05.14"]
[Round "4"]
[White "ChristopherYoo"]
[Black "AlphaGoosee"]
[Result "1-0"]
[WhiteElo "2992"]
[BlackElo "2640"]
[TimeControl "180+1"]
[EndTime "8:40:34 PDT"]
[Termination "ChristopherYoo won by resignation"]

1. d4 d5 2. Nf3 Nf6 3. g3 c6 4.
Bg2 Bg4 5. h3 Bh5 6. O-O e6 7. c4 Nbd7 8. Nc3 dxc4 9. e4 Bb4 10. Qc2 O-O 11. Ne2 b5 12. Rd1 Qb6 13. Be3 Qb7 14. g4 Bg6 15. Nh4 c5 16. Nxg6 hxg6 17.
g5 Nh5 18. e5 Qc8 19. Bxa8 Qxa8 20. Ng3 cxd4 21. Bxd4 Nxg3 22. fxg3 Nb6 23. Qg2 Nd5 24. h4 a5 25. Qf3 Be7 26. Rd2 a4 27. a3 Qc8 28.
Kg2 Bc5 29. h5 Bxd4 30. Rxd4 Qc6 31. Rh1 f6 32. exf6 gxf6 33. hxg6 fxg5 34. Rh8+ Kg7 35. Qxf8+ 1-0

[Event "Early-Titled-Tuesday-Blitz-May-14-2024"]
[Site "Chess.com"]
[Date "2024.05.14"]
[Round "4"]
[White "NovoselovRoman"]
[Black "DominguezOnYoutube"]
[Result "0-1"]
[WhiteElo "2643"]
[BlackElo "3004"]
[TimeControl "180+1"]
[EndTime "8:40:36 PDT"]
[Termination "DominguezOnYoutube won by resignation"]

1. e4 c5 2. Nc3 d6 3. g3 Nc6 4.
Bg2 g6 5. d3 Bg7 6. Be3 Nf6 7.
h3 O-O 8. Qd2 Rb8 9. a4 a6 10.
Nf3 b5 11. axb5 axb5 12. Bh6 b4 13. Ne2 Bb7 14. Bxg7 Kxg7 15. Nh4 e6 16. f4 Qe7 17.
O-O Ra8 18. f5 Rxa1 19. Rxa1 exf5 20. exf5 Re8 21. Kf1 Ne5 22. fxg6 hxg6 23. Qg5 Bxg2+ 24. Kxg2 Qb7+ 25. Kf2 Nh7 26. Qf4 Kg8 27. Qe4 Qc8 28.
Nf3 Nxf3 29. Qxf3 Ng5 30. Qd5 Nxh3+ 31. Kf1 Qg4 32. Re1 Ng5 33. Nf4 Rxe1+ 0-1

[Event "Early-Titled-Tuesday-Blitz-May-14-2024"]
[Site "Chess.com"]
[Date "2024.05.14"]
[Round "4"]
[White "HandKnit"]
[Black "Shiner22"]
[Result "1-0"]
[WhiteElo "2492"]
[BlackElo "2282"]
[TimeControl "180+1"]
[EndTime "8:40:36 PDT"]
[Termination "HandKnit won by resignation"]

1. c4 Nf6 2. Nc3 e6 3. e4 d5 4. cxd5 exd5 5. e5 Ne4 6. Nf3 Bg4 7. Nxe4 dxe4 8. Qa4+ Nc6 9. Qxe4 Bxf3 10. gxf3 Qd4 11. Bb5 Bc5 12. Bxc6+ bxc6 13. Qxc6+ Ke7 14. Qxc7+ Ke6 15.
Qc6+ Ke7 16. O-O Rhd8 17. d3 Rac8 18. Bg5+ f6 19. exf6+ Kf7 20. Qe4 Qxe4 21. dxe4 gxf6 22. Bf4 Rd3 23. Kg2 Rg8+ 24. Bg3 h5 25. Rac1 Bd4 26. Rc7+ Ke6 27. h4 Rd2 28. Rh7 Be5 29. Kh3 Bxg3 30. fxg3 Rxb2 31. Rxh5 Rxa2 32. Rb5 a5 33. g4 a4 34. Rc1 Kd6 35. Rd5+ Ke6 36. Rc6+ Ke7 37. Ra5 Ra3 38. Kg3 Rd8 39. Ra7+ Rd7 40. Rxd7+ Kxd7 41. Rxf6 Ra1 42. Ra6 a3 43. Kf4 Kc7 44. Kg5 Kb7 45. Ra4 Kb6 46. h5 Kb5 47. Ra8 Kb6 48. h6 Kb7 49. h7 Rh1 50. h8=Q Rxh8 51. Rxh8 1-0

[Event "Early-Titled-Tuesday-Blitz-May-14-2024"]
[Site "Chess.com"]
[Date "2024.05.14"]
[Round "4"]
[White "ItsCheckM8Mate"]
[Black "colegiodemadrid"]
[Result "0-1"]
[WhiteElo "2293"]
[BlackElo "2563"]
[TimeControl "180+1"]
[EndTime "8:40:37 PDT"]
[Termination "colegiodemadrid won by resignation"]

1. d4 d5 2. Nc3 c6 3. Bf4 Bf5 4. f3 Qb6 5. e4 dxe4 6. fxe4 Bg6 7. Nf3 Nf6 8. Bd3 Qxb2 9. Na4 Qb4+ 10. c3 Qa5 11.
O-O e6 12. c4 Nxe4 13. Ne5 Nf6 14. Nxg6 hxg6 15. Rb1 Qd8 16. Rxb7 Qxd4+ 17. Kh1 Nbd7 18. Qf3 Rc8 19. Re1 Be7 20. Rd1 e5 21. Bg5 e4 22.
Bxf6 Nxf6 23. Qe2 Qe5 24. g3 Kf8 25. Bc2 Qxg3 26. Rg1 Qf3+ 27. Qxf3 exf3 28. Rf1 Bd6 29. Rxf3 Rxh2+ 30. Kg1 Rxc2 0-1